 Dungeon Crawl Stone Soup version 0.30-a0-986-g7f2e898f52 (webtiles) character file.

Game seed: 9818193940599667917

359 FexLirch the Conjurer (level 6, 0/43 HPs)
             Began as a Human Wanderer on Apr 1, 2023.
             Slain by Pikel
             ... wielding a +0 whip of freezing
              (6 damage)
             ... on level 4 of the Dungeon.
             The game lasted 00:14:30 (3395 turns).

FexLirch the Conjurer (Human Wanderer)              Turns: 3395, Time: 00:14:31

Health: 0/43       AC:  3    Str: 16    XL:     6   Next: 98%
Magic:  21/29      EV: 11    Int: 13    God:
Gold:   64         SH:  0    Dex: 10    Spells: 4/11 levels left

rFire   . . .      SeeInvis .    a - +2 hand axe
rCold   . . .      Faith    .    (no shield)
rNeg    . . .      Spirit   .    p - +0 leather armour
rPois   .          Reflect  .    (no helmet)
rElec   .          Rampage  .    (no cloak)
rCorr   .                        (no gloves)
Will    .....                    (no boots)
Stlth   +                        (no amulet)
HPRegen 0.27/turn                d - ring of magical power
MPRegen 0.21/turn                q - ring of magical power

@: hasted, very quick
A: no striking features
a: no special abilities


You were on level 4 of the Dungeon.
You visited 1 branch of the dungeon, and saw 4 of its levels.

You collected 108 gold pieces.
You spent 44 gold pieces at shops.

Inventory:

Hand Weapons
 a - a +2 hand axe (weapon)
 i - a +0 quarterstaff
 w - a +0 short sword of distortion
 x - a +0 war axe
Missiles
 g - 27 stones
Armour
 b - a +0 scale mail
 p - a +0 leather armour (worn)
Magical Staves
 l - a staff of fire
Jewellery
 d - a ring of magical power (left hand)
 q - a ring of magical power (right hand)
 t - a ring of resist corrosion
 y - a ring of fire
Scrolls
 e - a scroll of noise
 j - 2 scrolls of blinking
 k - a scroll of identify
 m - a scroll of enchant weapon {unknown}
 r - a scroll of immolation {unknown}
 s - a scroll of enchant armour {unknown}
 v - a scroll of acquirement {unknown}
Potions
 c - a potion of haste
 f - 3 potions of ambrosia {unknown}
 h - 3 potions of flight
 n - 2 potions of curing
 o - 2 potions of heal wounds {unknown}
 u - a potion of might {unknown}
 z - a potion of brilliance {unknown}


   Skills:
 - Level 1.0 Fighting
 - Level 3.0 Axes
 - Level 2.0 Armour
 + Level 3.4 Spellcasting
 + Level 4.8 Conjurations
 + Level 3.4 Ice Magic


You had 4 spell levels left.
You knew the following spells:

 Your Spells              Type           Power      Damage    Failure   Level
a - Magic Dart            Conj           56%        1d5       3%          1
b - Hailstorm             Conj/Ice       13%        3d5       14%         3
c - Kindle Blastsparks    Fire/Tloc/Air  4%         2d10      63%         3

Your spell library contained the following spells:

 Spells                   Type           Power      Damage    Failure   Level
 Cigotuvi's Dreadful Rot  Necr/Pois/Air  4%         N/A       38%         2
 Fulminant Prism          Conj/Hex       4%         3d5       69%         4
 Iskenderun's Mystic Bla  Conj/Tloc      8%         2d4       69%         4
 Dispel Undead            Necr           2%         3d7       95%         4
 Lee's Rapid Deconstruct  Erth           1%         3d4*      100%        5
 Conjure Ball Lightning   Conj/Air       4%         3x3d6     100%        6
 Death Channel            Necr           1%         N/A       100%        6
 Discord                  Hex            1%         N/A       100%        8
 Disjunction              Tloc           1%         N/A       100%        8


Dungeon Overview and Level Annotations

Branches:
Dungeon (4/15)
 Temple: D:4-7

Altars:

Shops:
D:1 !   D:4 *

Annotations:
D:3 exclusion: upstairs
D:4 Edmund, Pikel


Message History

You hit Pikel but do no damage.
Pikel is heavily wounded.
Pikel hits you with a +0 whip of freezing.
Pikel freezes you.
You barely miss Pikel.
Pikel is heavily wounded.
Pikel closely misses you.
You barely miss Pikel.
Pikel is heavily wounded.
You barely miss Pikel.
Pikel is heavily wounded.
Pikel hits you with a +0 whip of freezing.
Pikel freezes you.
You hit Pikel but do no damage.
Pikel is heavily wounded.
Pikel misses you.
You closely miss Pikel.
Pikel is moderately wounded.
You hit Pikel.
Pikel is heavily wounded.
Pikel hits you with a +0 whip of freezing.
Pikel freezes you.
You hit Pikel but do no damage.
Pikel is heavily wounded.
Pikel says, "You'll rot in Tartarus!"
Pikel hits you with a +0 whip of freezing.
Pikel freezes you.
You hit Pikel.
Pikel is heavily wounded.
Pikel hits you with a +0 whip of freezing.
* * * LOW HITPOINT WARNING * * *
Pikel freezes you.
* * * LOW HITPOINT WARNING * * *
You feel better.
You hit Pikel but do no damage.
Pikel is heavily wounded.
Pikel hits you with a +0 whip of freezing!
* * * LOW HITPOINT WARNING * * *
Pikel freezes you.
You die...

#...>.......#..........#
#..........#..........#
#..........#..........#
#.......<..#..........#
#..........#..........#
#..........##........##
#.......5..###......##
#....###K### ########
#....#♣♣@♣♣ ######....♣#
#..♣..# #♣.♣.♣# #####


You could see Pikel and a lemure.

Vanquished Creatures
  Sigmund (D:2)
  A lemure (D:3)
  A hound (D:3)
  Jessica (D:3)
  Robin (D:2)
  An adder (D:2)
  7 gnolls
  A worm (D:2)
  3 ball pythons
  5 bats
  5 endoplasms
  2 giant cockroaches (D:3)
  16 goblins
  7 hobgoblins
  4 kobolds
  A quokka (D:3)
  4 frilled lizards
  5 rats
66 creatures vanquished.

Notes
Turn   | Place    | Note
-------+----------+-------------------------------------------
     0 | D:1      | FexLirch the Human Wanderer began the quest for the Orb.
     0 | D:1      | FexLirch set off with the following items: a +2 hand axe, a
                  | +0 scale mail, a potion of haste; and the following spell
                  | memorised: Magic Dart; and the following spells available
                  | to memorise: Hailstorm.
     0 | D:1      | Reached XP level 1. HP: 15/15 MP: 2/2
   232 | D:1      | Reached XP level 2. HP: 15/21 MP: 4/4
   345 | D:1      | Found Turahe's Distillery.
   356 | D:1      | Bought a potion of curing for 33 gold pieces
   356 | D:1      | Bought a potion of degeneration for 11 gold pieces
   593 | D:2      | Noticed Robin
   623 | D:2      | Killed Robin
   624 | D:2      | Reached skill level 1 in Ice Magic
   624 | D:2      | Reached XP level 3. HP: 20/26 MP: 5/5
   745 | D:2      | Learned a level 3 spell: Hailstorm
  1048 | D:2      | Reached XP level 4. HP: 32/32 MP: 7/7
  1722 | D:2      | Reached XP level 5. HP: 37/37 MP: 8/8
  1798 | D:2      | Noticed Sigmund
  1920 | D:3      | Reached skill level 4 in Conjurations
  1931 | D:3      | Noticed Jessica
  1935 | D:3      | Killed Jessica
  2489 | D:4      | Found Pelos's Assorted Antiques.
  2515 | D:4      | Noticed Pikel
  2567 | D:4      | Noticed Edmund
  2806 | D:2      | Learned a level 3 spell: Kindle Blastsparks
  3042 | D:2      | Killed Sigmund
  3043 | D:2      | Reached XP level 6. HP: 25/43 MP: 11/11
  3395 | D:4      | Slain by Pikel

Illustrated notes

Levels and vault maps discovered:
D:1:      dpeg_arrival_rhombus, layout_rooms, serial_shops,
          nicolae_shop_waterfront
D:2:      layout_basic, uniq_robin, uniq_sigmund
D:3:      minmay_diamond_boxcup, layout_basic, uniq_jessica
D:4:      layout_rooms, serial_shops, nicolae_shop_behind_doors,
          hangedman_decor_clover_reticule, chequers_arboretum, uniq_grinder,
          uniq_edmund, uniq_pikel, uniq_menkaure

Skill      XL: |  1  2  3  4  5 |
---------------+----------------+-----
Ice Magic      | 1 2 3 |  3.4
Spellcasting   | 2 3 |  3.4
Conjurations   | 4 |  4.8
Fighting       | |  1.0
Axes           | |  3.0
Armour         | |  2.0

Action                     |  1- 3 |  4- 6 || total
---------------------------+-------+-------++-------
  Melee: Hand axe          |    67 |    73 ||   140
   Cast: Magic Dart        |    10 |    60 ||    70
         Hailstorm         |     2 |    17 ||    19
    Use: Scroll            |     1 |     2 ||     3
         Potion            |       |     3 ||     3
 Armour: Scale mail        |    13 |       ||    13
         Leather armour    |     2 |    22 ||    24
         Robe              |     2 |       ||     2
  Dodge: Dodged            |    32 |    59 ||    91

Table legend: (Time is in decaauts)
 A = Elapsed time spent in this place.
 B = Non-inter-level travel time spent in this place.
 C = Inter-level travel time spent in this place.
 D = Time resting spent in this place.
 E = Time spent auto-exploring this place.
 F = Levels seen in this place.
 G = Mean time per level.
                   A        B        C        D        E       F      G
               +--------+--------+--------+--------+--------+-----+--------+
         Total |   3412 |   3199 |    213 |    362 |   1730 |   4 |  853.0 |
       Dungeon |   3412 |   3199 |    213 |    362 |   1730 |   4 |  853.0 |
               +--------+--------+--------+--------+--------+-----+--------+

Top non-repeatable levels by time:
     D:2: 1703 daAuts
     D:3: 1047 daAuts
     D:1: 514 daAuts
     D:4: 146 daAuts
